 Dungeon Crawl Stone Soup version 0.26.1-2-gb8aa6d0cf2 (webtiles) character file.

Game seed: 7210509357270161236

570 DearestLeader the Frost Mage (level 7, -3/46 HPs)
             Began as a Merfolk Ice Elementalist on Mar 22, 2021.
             Slain by Grinder (7 damage)
             ... on level 4 of the Dungeon.
             The game lasted 00:07:51 (4471 turns).

DearestLeader the Frost Mage (MfIE)                 Turns: 4471, Time: 00:07:52

Health: -3/46      AC:  6    Str:  8    XL:     7   Next: 34%
Magic:  10/10      EV: 11    Int: 16    God:
Gold:   222        SH:  0    Dex: 15    Spells: 2/10 levels left

rFire    . . .     SeeInvis .   y - +2 flail (vorpal)
rCold    . . .     Faith    .   (no shield)
rNeg     . . .     Spirit   .   r - +1 ring mail
rPois    .         Reflect  .   (no helmet)
rElec    .         Harm     .   x - scarf {repulsion}
rCorr    .         Rampage  .   (no gloves)
Will     .....                  (no boots)
Stlth    +.........             (no amulet)
HPRegen  0.15/turn              v - ring of wizardry
MPRegen  0.12/turn              (no ring)

@: repel missiles
A: change form in water, swift swim, stealthy swim
a: no special abilities


You were on level 4 of the Dungeon.
You visited 1 branch of the dungeon, and saw 4 of its levels.

You collected 222 gold pieces.

Inventory:

Hand Weapons
 w - a +0 scythe
 y - a +2 vorpal flail (weapon)
Missiles
 k - 17 poisoned darts (quivered)
Armour
 a - a +0 robe
 r - a +1 ring mail (worn)
 x - a scarf of repulsion (worn)
Jewellery
 j - an uncursed amulet of faith
 v - a ring of wizardry (left hand)
Scrolls
 d - 2 scrolls of enchant armour
 e - a scroll of blinking {unknown}
 f - a scroll of amnesia {unknown}
 i - a scroll of remove curse {unknown}
 l - a scroll of fog {unknown}
 o - 4 scrolls of teleportation {unknown}
 q - a scroll of enchant weapon {unknown}
 s - 5 scrolls of identify {unknown}
 t - a scroll of random uselessness {unknown}
 z - a scroll of fear {unknown}
Potions
 b - 2 potions of brilliance {unknown}
 c - a potion of lignification {unknown}
 g - 2 potions of curing
 h - 2 potions of haste {unknown}
 m - a potion of flight {unknown}
 n - a potion of attraction {unknown}
 p - a potion of degeneration {unknown}
 u - a potion of heal wounds {unknown}


   Skills:
 * Level 4.6 Polearms
 - Level 2.6 Dodging
 - Level 2.1 Stealth
 - Level 2.0 Spellcasting
 * Level 1.5 Summonings
 + Level 8.4 Ice Magic


You had 2 spell levels left.
You knew the following spells:

 Your Spells              Type           Power        Failure   Level
a - Freeze                Ice            100%         1%          1
b - Frozen Ramparts       Ice            56%          2%          3
c - Summon Ice Beast      Ice/Summ       17%          32%         4

Your spell library contained the following spells:

 Spells                   Type           Power        Failure   Level
 Call Imp                 Summ           6%           21%         2
 Magic Dart               Conj           4%           26%         1
 Blink                    Tloc           N/A          34%         2
 Searing Ray              Conj           2%           34%         2
 Slow                     Hex            1%           34%         2
 Ozocubu's Armour         Ice            28%          2%          3
 Hailstorm                Conj/Ice       15%          41%         4
 Conjure Flame            Conj/Fire      1%           56%         3
 Dazzling Flash           Conj/Hex       2%           56%         3
 Mephitic Cloud           Conj/Pois/Air  1%           56%         3
 Fulminant Prism          Conj/Hex       0%           91%         4
 Iskenderun's Mystic Bla  Conj/Tloc      1%           91%         4


Dungeon Overview and Level Annotations

Branches:
Dungeon (4/15)
 Temple: D:4-7

Altars:

Annotations:
D:2 Natasha
D:4 Grinder


Message History

Pain shoots through your body!
* * * LOW HITPOINT WARNING * * *
You barely miss Grinder.
Grinder is moderately wounded.
Grinder says, "There's only one good use for a tongue: cutting it out."
Grinder blinks!
Grinder completely misses you.
You hit Grinder.
Grinder is heavily wounded.
Grinder hits you.
* * * LOW HITPOINT WARNING * * *
You writhe in agony.
* * * LOW HITPOINT WARNING * * *
You barely miss Grinder.
Grinder is heavily wounded.
Grinder gestures at you.
You struggle to resist.
You barely miss Grinder.
Grinder is heavily wounded.
Grinder hits you!
You die...

####.#############
#......# ## #......# #.
#......#### #.#####
#........#.. .....#
##......#.##.### #....#
..........# ...# ....
.#############.#####.##
.# #<.....5@....?# )#
#.###.##..[...#
[########.###.##......#
))..#.........###.#####
....#.###.##### ###
....#.....# )......####
....##.# ##...#.#


You could see Grinder.

Vanquished Creatures
  Sigmund (D:2)
  An ice beast (D:3)
  An ogre (D:3)
  An orc priest (D:3)
  An orc wizard (D:4)
  Natasha (D:2)
  5 adders
  3 oozes
  2 worms (D:2)
  4 dart slugs
  A leopard gecko (D:1)
  8 orcs
  5 giant cockroaches
  3 goblins
  8 hobgoblins
  4 jackals (D:2)
  12 kobolds
  3 quokkas
  8 bats
  8 frilled lizards
  A quokka skeleton (D:4)
  3 rats (D:1)
84 creatures vanquished.

Notes
Turn   | Place    | Note
-------+----------+-------------------------------------------
     0 | D:1      | DearestLeader the Merfolk Ice Elementalist began the quest
                  | for the Orb.
     0 | D:1      | Reached XP level 1. HP: 13/13 MP: 3/3
   171 | D:1      | Reached XP level 2. HP: 18/19 MP: 1/5
   226 | D:1      | Reached skill level 5 in Ice Magic
   767 | D:1      | Reached XP level 3. HP: 24/24 MP: 6/6
  1177 | D:1      | Learned a level 3 spell: Frozen Ramparts
  1447 | D:2      | Reached skill level 6 in Ice Magic
  1447 | D:2      | Reached XP level 4. HP: 30/30 MP: 3/7
  1860 | D:2      | Noticed Natasha
  1866 | D:2      | Killed Natasha
  2044 | D:2      | Noticed Natasha
  2068 | D:2      | Noticed Sigmund
  2076 | D:2      | Killed Sigmund
  2077 | D:2      | Reached skill level 8 in Ice Magic
  2077 | D:2      | Reached XP level 5. HP: 14/35 MP: 0/8
  2077 | D:2      | Reached XP level 6. HP: 16/41 MP: 0/9
  2836 | D:3      | Reached skill level 1 in Polearms
  2866 | D:3      | Learned a level 4 spell: Summon Ice Beast
  3799 | D:4      | Noticed an ice beast
  3830 | D:3      | HP: 1/41 [ice beast (8)]
  3838 | D:3      | Killed an ice beast
  3839 | D:3      | Reached skill level 1 in Summonings
  3839 | D:3      | Reached XP level 7. HP: 3/46 MP: 10/10
  4441 | D:4      | Noticed Grinder
  4452 | D:4      | Paralysed by Grinder for 6 turns
  4471 | D:4      | Slain by Grinder

Illustrated notes

Levels and vault maps discovered:
D:1:      psy_arrival_dodecagon, layout_basic, serial_rivers,
          chequers_serial_rivers_room_b, chequers_serial_rivers_small_a,
          chequers_serial_rivers_small_3, chequers_serial_rivers_marsh,
          chequers_serial_rivers_room_a, chequers_serial_rivers_large_a,
          st_stairs_8
D:2:      layout_basic, uniq_sigmund, uniq_natasha
D:3:      layout_basic
D:4:      layout_basic, uniq_grinder

Skill      XL: |  1  2  3  4  5  6 |
---------------+-------------------+-----
Ice Magic      | 5 6 8 |  8.4
Polearms       | 4 |  4.6
Summonings     | 1 |  1.5
Dodging        | |  2.6
Stealth        | |  2.1
Spellcasting   | |  2.0

Action                   |  1- 3 |  4- 6 |  7- 9 || total
-------------------------+-------+-------+-------++-------
Melee: Whip              |    16 |       |       ||    16
       Dagger            |    37 |    55 |       ||    92
       Flail             |       |    60 |    26 ||    86
       Scythe            |       |    18 |       ||    18
 Cast: Freeze            |    15 |     5 |       ||    20
       Frozen Ramparts   |     3 |    10 |     3 ||    16
  Use: Scroll            |       |     1 |       ||     1
       Potion            |       |     1 |       ||     1
 Stab: Sleeping          |     9 |     1 |       ||    10
Armor: Robe              |    10 |       |       ||    10
       Ring mail         |     5 |    62 |    13 ||    80
Dodge: Dodged            |    31 |    86 |    15 ||   132
       Repelled          |       |     1 |       ||     1
